 Dungeon Crawl Stone Soup version 0.30-a0-634-g8abc85282e (webtiles) character file.

Game seed: 5294325976322613903

23 drugrobin the Sneak (level 2, -2/25 HPs)
             Began as a Demigod Delver on Jan 15, 2023.
             Slain by Pargi (8 damage)
             ... in a sewer.
             The game lasted 00:04:06 (427 turns).

drugrobin the Sneak (Demigod Delver)                 Turns: 427, Time: 00:04:06

Health: -2/25      AC:  3    Str: 13    XL:     2   Next: 57%
Magic:  4/4        EV: 12    Int: 12    God:
Gold:   9          SH:  0    Dex: 15    Spells: 1/1 levels left

rFire   . . .      SeeInvis .      - Unarmed
rCold   . . .      Faith    .    (no shield)
rNeg    . . .      Spirit   .    a - +0 leather armour
rPois   .          Reflect  .    (no helmet)
rElec   .          Harm     .    (no cloak)
rCorr   .          Rampage  .    (no gloves)
Will    .....                    (no boots)
Stlth   +++                      (no amulet)
HPRegen 0.24/turn                (no ring)
MPRegen 0.09/turn                (no ring)

@: mighty
A: high MP 1, forlorn, divine attributes
a: no special abilities


You were in a sewer.
You visited 1 branch of the dungeon, and saw 2 of its levels.
You also visited: Sewer.

You collected 9 gold pieces.

Inventory:

Armour
 a - a +0 leather armour (worn)
Wands
 f - a wand of digging (2)
Scrolls
 b - 2 scrolls of fog
 e - a scroll of brand weapon {unknown}
Potions
 d - a potion of haste
 g - a potion of invisibility


   Skills:
 - Level 2.8 Fighting
 - Level 2.0 Dodging
 - Level 4.6 Stealth
 + Level 2.6 Unarmed Combat


You had one spell level left.
You didn't know any spells.
Your spell library was empty.

Dungeon Overview and Level Annotations

Branches:
Dungeon (5/15)              Sewer (1/1)
 Temple: D:4-7

Annotations:
D:5 Edmund Sewer Pargi


Innate Abilities, Weirdness & Mutations

You have an increased reservoir of magic. (+10% MP)
You shall have no god before yourself.
Your divine heritage dramatically boosts your attributes as you level up.


Message History

Moving in this stuff is going to be slow.
You enter the shallow water.
Moving in this stuff is going to be slow.
Unknown command.
Pargi shouts!
You enter the shallow water.
Moving in this stuff is going to be slow.
It was a potion of heal wounds.
You feel much better.
Unknown command.
It was a potion of might.
You feel very mighty all of a sudden. Pargi bites you but does no damage.
Pargi closely misses you. Pargi claws you.
Unknown command.
Unknown command.
You barely miss Pargi. Pargi barely misses you. Pargi closely misses you.
Pargi claws you.
You hit Pargi.
Pargi is lightly wounded.
Pargi bites you. Pargi closely misses you. Pargi claws you.
You punch Pargi!
Pargi is heavily wounded.
Pargi bites you. Pargi closely misses you. x2
You punch Pargi!
Pargi is severely wounded.
Pargi bites you. Pargi claws you. Pargi misses you.
You miss Pargi.
Pargi is severely wounded.
Pargi bites you but does no damage. Pargi closely misses you. Pargi misses you.
You punch Pargi!
Pargi is almost dead.
Pargi closely misses you. x2; Pargi claws you but does no damage.
You closely miss Pargi.
Pargi is almost dead.
Pargi bites you but does no damage. Pargi claws you but does no damage.
Pargi claws you.
* * * LOW HITPOINT WARNING * * *
You barely miss Pargi.
Pargi is almost dead.
Pargi bites you!
You die...

#≈≈≈≈≈≈≈≈≈≈~~.####~##.#~
≈≈≈≈≈≈≈≈≈≈≈~..## #~#####
#≈≈≈≈≈≈≈≈≈≈..## #.# #
##≈≈≈≈≈≈≈≈≈~## #.# #
#≈≈≈≈≈≈≈≈≈~.# #~# #
≈≈≈≈≈≈≈≈≈.### #~#
≈≈≈≈≈≈≈≈≈.# ##.##
#≈≈≈≈≈≈≈~## #...#
#≈≈≈≈≈≈.@# #.∩.#
≈≈≈≈≈≈≈T## #...#
≈≈≈≈≈≈≈~# #####
##≈≈≈≈≈.####
#≈≈≈≈≈≈≈.#.#
#≈≈≈≈≈≈≈≈~.####
≈≈≈≈≈≈≈≈≈≈≈.#.#
#≈≈≈≈≈≈≈≈≈≈...##
≈≈≈≈≈≈≈≈≈≈≈≈~T.##### #


You could see Pargi.

Vanquished Creatures
  2 adders
  3 ball pythons (Sewer)
  2 frilled lizards (Sewer)
7 creatures vanquished.

Notes
Turn   | Place    | Note
-------+----------+-------------------------------------------
     0 | D:5      | drugrobin the Demigod Delver began the quest for the Orb.
     0 | D:5      | Reached XP level 1. HP: 18/18 MP: 3/3
     0 | D:5      | Noticed Edmund
    50 | D:4      | Found a glowing drain.
    51 | D:4      | Noticed an ogre
    59 | Sewer    | Entered a sewer
   104 | Sewer    | Reached XP level 2. HP: 21/25 MP: 4/4
   290 | Sewer    | Noticed Pargi
   427 | Sewer    | Slain by Pargi

Illustrated notes

Levels and vault maps discovered:
D:4:      lemuel_castle_with_subvaults [lemuel_castle_interior_original],
          layout_cave_pods, pdpol_wu_jian_five_deadly_venoms,
          kennysheep_mini_moat, kiku_gazebo_pond_becter,
          cheibrodos_sewer_entry_drain
D:5:      layout_loops_cross, minmay_misc_feat_cross, uniq_edmund, uniq_grinder
Sewer:    sewer_co_pargi_island

Skill      XL: |  1 |
---------------+----+-----
Dodging        | 2 |  2.0
Unarmed Combat | 2 |  2.6
Fighting       | |  2.8
Stealth        | |  4.6

Action                   || total
-------------------------++-------
Melee: Unarmed           ||    57
       Punch             ||     1
Evoke: Wand              ||     1
  Use: Scroll            ||     3
       Potion            ||     3
Armor: Leather armour    ||    20
Dodge: Dodged            ||    77

Table legend: (Time is in decaauts)
 A = Elapsed time spent in this place.
 B = Non-inter-level travel time spent in this place.
 C = Inter-level travel time spent in this place.
 D = Time resting spent in this place.
 E = Time spent auto-exploring this place.
 F = Levels seen in this place.
 G = Mean time per level.
                   A        B        C        D        E       F      G
               +--------+--------+--------+--------+--------+-----+--------+
         Total |    445 |    445 |      0 |    129 |     52 |   3 |  148.3 |
       Dungeon |     60 |     60 |      0 |      4 |      0 |   2 |   30.0 |
         Sewer |    385 |    385 |      0 |    125 |     52 |   1 |  385.0 |
               +--------+--------+--------+--------+--------+-----+--------+

Top non-repeatable levels by time:
   Sewer: 385 daAuts
     D:4: 58 daAuts
     D:5: 2 daAuts
